 Dungeon Crawl Stone Soup version 0.28-a0-479-g5baa6b73be (webtiles) character file.

Game seed: 18275188385920099454

81 timneilson the Covered (level 4, -7/28 HPs)
             Began as a Gargoyle Fighter on Sept 18, 2021.
             Killed from afar by Ijyb (22 damage)
             ... with a bolt of acid
             ... on level 3 of the Dungeon.
             The game lasted 00:03:09 (2528 turns).

timneilson the Covered (Gargoyle Fighter)           Turns: 2528, Time: 00:03:09

Health: -7/28      AC: 10    Str: 21    XL:     4   Next: 40%
Magic:  4/4        EV:  5    Int:  8    God:
Gold:   102        SH:  8    Dex:  9    Spells: 3/3 levels left

rFire   . . .      SeeInvis .   a - +0 long sword
rCold   . . .      Faith    .   f - +0 kite shield
rNeg    + . .      Spirit   .   l - +0 chain mail
rPois   ∞          Reflect  .   (no helmet)
rElec   +          Harm     .   (no cloak)
rCorr   .          Rampage  .   i - +0 pair of gloves
Will    .....                   (no boots)
Stlth   ..........              b - amulet of regeneration
HPRegen 1.09/turn               (no ring)
MPRegen 0.09/turn               (no ring)

@: corroded
A: sickness immunity, AC +3, negative energy resistance 1, electricity
resistance, torment resistance 1, petrification resistance
a: no special abilities


You were on level 3 of the Dungeon.
You visited 1 branch of the dungeon, and saw 3 of its levels.

You collected 102 gold pieces.

Inventory:

Hand Weapons
 a - a +0 long sword (weapon)
Armour
 f - a +0 kite shield (worn)
 i - a +0 pair of gloves (worn)
 l - a +0 chain mail (worn)
Jewellery
 b - an amulet of regeneration (around neck)
Scrolls
 c - 2 scrolls of identify
 h - a scroll of enchant armour
 j - a scroll of teleportation
 k - a scroll of noise {unknown}
Potions
 d - a potion of might
 e - a potion of flight
 g - a potion of cancellation


   Skills:
 + Level 3.5 Fighting
 * Level 2.4 Long Blades
 * Level 4.0 Armour
 + Level 1.0 Dodging
 * Level 4.0 Shields


You had 3 spell levels left.
You didn't know any spells.
Your spell library contained the following spells:

 Spells                   Type           Power      Damage    Failure   Level
 Conjure Ball Lightning   Conj/Air       0%         3x3d6     100%        6
 Discord                  Hex            0%         N/A       100%        8
 Disjunction              Tloc           0%         N/A       100%        8


Dungeon Overview and Level Annotations

Branches:
Dungeon (3/15)

Altars:

Annotations:
D:3 Ijyb


Innate Abilities, Weirdness & Mutations

You are immune to sickness and miasma.
Your stone body is resilient. (AC +3)
You are immune to poison.
You resist negative energy. (rN+)
You are resistant to electric shocks. (rElec)
You are resistant to unholy torment.
You are immune to petrification.


Message History

You open the door.
Found a stone staircase leading up.
There is an open door here.
A goblin and Ijyb come into view.
Ijyb is wielding a +0 club and carrying a wand of acid (6).
Ijyb shouts!
The goblin shouts!
The goblin unwields a +0 club.
The goblin wields a +0 hunting sling.
The goblin shoots a stone.
You block the stone.
A giant cockroach comes into view.
You slash the giant cockroach!
You kill the giant cockroach!
Your Dodging skill increases to level 1!
The goblin shoots a stone.
You block the stone.
You see here a giant cockroach corpse.
The goblin shoots a stone.
The stone closely misses you.
The goblin shoots a stone.
The stone hits you but does no damage.
The goblin shoots a stone.
You block the stone.
You hit the goblin.
The goblin is moderately wounded.
The goblin unwields a +0 hunting sling.
The goblin wields a +0 club.
The goblin hits you but does no damage.
Ijyb zaps a wand.
The bolt of acid hits the goblin!!!
The acid corrodes the goblin!
The goblin dies!
The bolt of acid misses you.
Ijyb zaps a wand.
The bolt of acid misses you.
Items here: ( )) ††.
You hit Ijyb but do no damage.
Ijyb zaps a wand.
The bolt of acid hits you!
Ouch! That really hurt!
The acid corrodes you!
You hit Ijyb.
Ijyb is lightly wounded.
Ijyb hits you but does no damage. Ijyb hits you with a +0 club.
You hit Ijyb but do no damage.
Ijyb is lightly wounded.
You block Ijyb's attack.
You hit Ijyb.
Ijyb is moderately wounded.
Ijyb zaps a wand.
The bolt of acid hits you!!
Ouch! That really hurt!
You die...

.....##.#.# #.# #.......
#######.###########.#
#..#.... ###........##...#
#.......
#.'........##.#########.##...
#.#........##.# .........#...
#<#........##.# ######.....†
###...........# ####.......#
########.##.# ##....##....#
#..@.# #...........# ####g#
#.........#.# #.#
#...........#
#..g......#...........#
#.......###...........#
#.......# #.........#>.
#.......# #.........#..
#.......# #.........#..
#.......# #............


You could see Ijyb.

Vanquished Creatures
  3 adders
  A worm (D:2)
  6 ball pythons
  6 endoplasms
  4 giant cockroaches
  5 goblins
  7 hobgoblins
  2 jackals (D:1)
  4 kobolds
  3 bats
  2 frilled lizards
  3 rats (D:1)
46 creatures vanquished.

Vanquished Creatures (others)
  A goblin (D:3)
  5 toadstools (D:1)
6 creatures vanquished.

Grand Total: 52 creatures vanquished

Notes
Turn   | Place    | Note
-------+----------+-------------------------------------------
     0 | D:1      | timneilson the Gargoyle Fighter began the quest for the
                  | Orb.
     0 | D:1      | Reached XP level 1. HP: 14/14 MP: 1/1
    87 | D:1      | Reached XP level 2. HP: 5/19 MP: 2/2
   877 | D:1      | Found a faded altar of an unknown god.
   904 | D:1      | Reached XP level 3. HP: 23/23 MP: 3/3
  2006 | D:2      | Reached XP level 4. HP: 26/28 MP: 4/4
  2512 | D:3      | Noticed Ijyb
  2517 | D:3      | Reached skill level 1 in Dodging
  2528 | D:3      | Killed from afar by Ijyb

Illustrated notes

Levels and vault maps discovered:
D:1:      ldierk_walled_garden, layout_basic, dilly_ecumenical_altar_fadedgnrine
D:2:      layout_basic
D:3:      layout_basic, uniq_ijyb

Skill      XL: |  1  2  3  4 |
---------------+-------------+-----
Long Blades    | 2 |  2.4
Armour         | 4 |  4.0
Shields        | 4 |  4.0
Dodging        | 1 |  1.0
Fighting       | |  3.5

Action                   |  1- 3 |  4- 6 || total
-------------------------+-------+-------++-------
Melee: Long sword        |   106 |    38 ||   144
  Use: Scroll            |     4 |       ||     4
Armor: Scale mail        |    51 |    29 ||    80
       Chain mail        |       |     3 ||     3
Dodge: Dodged            |    46 |    18 ||    64
Block: Buckler           |    28 |       ||    28
       Kite shield       |     6 |    32 ||    38

Table legend: (Time is in decaauts)
 A = Elapsed time spent in this place.
 B = Non-inter-level travel time spent in this place.
 C = Inter-level travel time spent in this place.
 D = Time resting spent in this place.
 E = Time spent auto-exploring this place.
 F = Levels seen in this place.
 G = Mean time per level.
                   A        B        C        D        E       F      G
               +--------+--------+--------+--------+--------+-----+--------+
         Total |   2584 |   2535 |     49 |      0 |   2063 |   3 |  861.3 |
       Dungeon |   2584 |   2535 |     49 |      0 |   2063 |   3 |  861.3 |
               +--------+--------+--------+--------+--------+-----+--------+

Top non-repeatable levels by time:
     D:1: 1561 daAuts
     D:2: 608 daAuts
     D:3: 414 daAuts
